cohdb
Replays
Latest Replays
All Replays
Popular Replays
Top Player Replays
Match Explorer
How It Works
Community
CoH3 Stats
Reddit
Sign in to upload your games and track your stats! →
Sign in with Steam
Match 42521064
Unlisted
Match 42521064
Overview
Messages
Build Orders
End
Construct Section Command Post
Dingo Light Scout Car
Royal Engineer Section
Infantry Section
Selects Canadian Shock Battlegroup
Infantry Section
Selects Attacking Spirit
Selects Canadian Shock Section
Canadian Shock Section
Construct Platoon Command Post
Selects Incendiary Munitions
CMP 15cwt Truck
Humber Armored Car
6-pounder Anti-tank Gun Team
Selects Pyrotechnics
Construct Company Command Post
Crusader II Medium Tank
Crusader II Medium Tank
Royal Engineer Section
Crusader II Medium Tank
Armored Vehicle Training
Unlock M3 Grant Medium Tanks
M3 Grant Medium Tank
Canadian Shock Section
Construct Field Infirmary
M3 Grant Medium Tank
M3 Grant Medium Tank
Selects Point Assault
AI Takeover
Skyline
Strider_perc
KevinTDW
Keos
Miles '+'
﴾✯﴿ Makora ﴾✯﴿
0
0
Comments
sign in to comment!
No comments posted yet!